BSA
NIAGARA FALLS FRENZY @ LOS ANGELES BRUINS
05/12/2024
 
TOP OF THE 1ST
Niagara Falls Frenzy batting - Pitching for Los Angeles Bruins : RHP Alejandro Méndez
Pitching: RHP Alejandro Méndez
Batting: RHB Ángel Hinojosa 0-0: Ground out 1-3 (Groundball, 15)
Batting: SHB Martín De Jesús 0-0: Called Strike
0-1: Ball
1-1: Called Strike
1-2: Foul Ball, location: 2F
1-2: Strikes out swinging
Batting: LHB Dante Owens 0-0: Foul Ball, location: 2F
0-1: Ground out 4-3 (Groundball, 4)
Top of the 1st over - 0 run(s), 0 hit(s), 0 error(s), 0 left on base; Niagara Falls 0 - Los Angeles 0
BOTTOM OF THE 1ST
Los Angeles Bruins batting - Pitching for Niagara Falls Frenzy : RHP Tom Moore
Pitching: RHP Tom Moore
Batting: SHB Ramón Lugo 0-0: Ball
1-0: Ball
2-0: Fly out, F2 (Popup, 23F)
Batting: RHB Tom Doherty 0-0: Foul Ball, location: 2F
0-1: Ball
1-1: Swinging Strike
1-2: Strikes out looking
Batting: RHB Rubén Calderón 0-0: Ball
1-0: Ground out 1-3 (Groundball, 15S)
Bottom of the 1st over - 0 run(s), 0 hit(s), 0 error(s), 0 left on base; Niagara Falls 0 - Los Angeles 0
TOP OF THE 2ND
Niagara Falls Frenzy batting - Pitching for Los Angeles Bruins : RHP Alejandro Méndez
Batting: SHB Ray Burgess 0-0: Ball
1-0: Called Strike
1-1: Foul Ball, location: 2F
1-2: Foul Ball, location: 2F
1-2: Ball
2-2: Foul Ball, location: 2F
2-2: Ground out 4-3 (Groundball, 34)
Batting: RHB Lawrence Schroeder 0-0: Ball
1-0: Called Strike
1-1: Called Strike
1-2: Strikes out swinging
Batting: SHB Shumei Yokoyama 0-0: Ball
1-0: Foul Ball, location: 2F
1-1: DOUBLE (Flyball, 89XD)
Batting: RHB Eichiro Yamamoto 0-0: Ball
1-0: Ball
2-0: Ball
Wild Pitch!
Shumei Yokoyama to third
3-0: Called Strike
3-1: Base on Balls
Batting: RHB Cordell Gibson 0-0: Ball
1-0: Called Strike
1-1: Ball
2-1: Fielders Choice at 2nd, U6 (Groundball, 6M)
Top of the 2nd over - 0 run(s), 1 hit(s), 0 error(s), 2 left on base; Niagara Falls 0 - Los Angeles 0
BOTTOM OF THE 2ND
Los Angeles Bruins batting - Pitching for Niagara Falls Frenzy : RHP Tom Moore
Batting: LHB Richard Hunter 0-0: Ball
1-0: Ball
2-0: Swinging Strike
2-1: DOUBLE (Line Drive, 8LM)
Batting: RHB Morgan Gibbon 0-0: Swinging Strike
0-1: Ground out 6-3 (Groundball, 6)
Batting: SHB Miguel González 0-0: Called Strike
0-1: Ball
1-1: Foul Ball, location: 2F
1-2: Ball
2-2: Strikes out looking
Batting: SHB Zach Franks 0-0: Ball
1-0: Called Strike
1-1: Foul Ball, location: 2F
1-2: Ball
2-2: Ground out U3 (Groundball, 3)
Bottom of the 2nd over - 0 run(s), 1 hit(s), 0 error(s), 1 left on base; Niagara Falls 0 - Los Angeles 0
TOP OF THE 3RD
Niagara Falls Frenzy batting - Pitching for Los Angeles Bruins : RHP Alejandro Méndez
Batting: RHB Juan Carlos Rodríguez 0-0: Fly out, F9 (Flyball, 89D)
Batting: RHB Ángel Hinojosa 0-0: Ball
1-0: Swinging Strike
1-1: Swinging Strike
1-2: Strikes out swinging
Batting: SHB Martín De Jesús 0-0: Called Strike
0-1: Swinging Strike
0-2: Ball
1-2: Strikes out looking
Top of the 3rd over - 0 run(s), 0 hit(s), 0 error(s), 0 left on base; Niagara Falls 0 - Los Angeles 0
BOTTOM OF THE 3RD
Los Angeles Bruins batting - Pitching for Niagara Falls Frenzy : RHP Tom Moore
Batting: RHB Brendan Vigors 0-0: Ball
1-0: Foul Ball, location: 2F
1-1: Ground out 5-3 (Groundball, 5S)
Batting: LHB Tony Abete 0-0: Called Strike
0-1: Ball
1-1: Called Strike
1-2: Ground out 1-3 (Groundball, 15)
Batting: SHB Ramón Lugo 0-0: Called Strike
0-1: Ball
1-1: Swinging Strike
1-2: Foul Ball, location: 2F
1-2: Foul Ball, location: 2F
1-2: Ball
2-2: Ball
3-2: Ground out 6-3 (Groundball, 6M)
Bottom of the 3rd over - 0 run(s), 0 hit(s), 0 error(s), 0 left on base; Niagara Falls 0 - Los Angeles 0
TOP OF THE 4TH
Niagara Falls Frenzy batting - Pitching for Los Angeles Bruins : RHP Alejandro Méndez
Batting: LHB Dante Owens 0-0: Foul Ball, location: 2F
0-1: Foul Ball, location: 2F
0-2: Ball
1-2: Fly out, F6 (Popup, 4MS)
Batting: SHB Ray Burgess 0-0: Fly out, F7 (Flyball, 7S)
Batting: RHB Lawrence Schroeder 0-0: Ground out 6-3 (Groundball, 6)
Top of the 4th over - 0 run(s), 0 hit(s), 0 error(s), 0 left on base; Niagara Falls 0 - Los Angeles 0
BOTTOM OF THE 4TH
Los Angeles Bruins batting - Pitching for Niagara Falls Frenzy : RHP Tom Moore
Batting: RHB Tom Doherty 0-0: Swinging Strike
0-1: Ball
1-1: Called Strike
1-2: Ball
2-2: Foul Ball, location: 2F
2-2: Ball
3-2: Foul Ball, location: 2F
3-2: Foul Ball, location: 2F
3-2: Foul Ball, location: 2F
3-2: DOUBLE (Flyball, 7LM)
Batting: RHB Rubén Calderón 0-0: Called Strike
0-1: SINGLE (Flyball, 78S)
Tom Doherty to third
Batting: LHB Richard Hunter 0-0: Reached on error, E3 (Groundball, 3L)
Tom Doherty scores
Rubén Calderón to second
Batting: RHB Morgan Gibbon 0-0: Swinging Strike
0-1: Ball
1-1: Ball
2-1: Called Strike
2-2: Ball
3-2: Base on Balls
Rubén Calderón to third
Richard Hunter to second
Batting: SHB Miguel González 0-0: Ball
1-0: Ball
2-0: Foul Ball, location: 2F
2-1: Ball
3-1: Base on Balls
Rubén Calderón scores
Richard Hunter to third
Morgan Gibbon to second
Batting: SHB Zach Franks 0-0: Called Strike
0-1: Ball
1-1: Swinging Strike
1-2: SINGLE (Popup, 8RS)
Richard Hunter scores
Morgan Gibbon to third
Miguel González to second
Batting: RHB Brendan Vigors 0-0: Foul Ball, location: 2F
0-1: Ball
1-1: Ball
2-1: Foul Ball, location: 2F
2-2: Foul Ball, location: 2F
2-2: Foul Ball, location: 2F
2-2: Ball
3-2: Foul Ball, location: 2F
3-2: Base on Balls
Morgan Gibbon scores
Miguel González to third
Zach Franks to second
Batting: LHB Tony Abete 0-0: Ball
1-0: Called Strike
1-1: Ball
2-1: Ball
3-1: Base on Balls
Miguel González scores
Zach Franks to third
Brendan Vigors to second
Pitching: RHP Ed Jones
Batting: SHB Ramón Lugo 0-0: Ball
1-0: Swinging Strike
1-1: Ball
2-1: Called Strike
2-2: Ball
3-2: Base on Balls
Zach Franks scores
Brendan Vigors to third
Tony Abete to second
Batting: RHB Tom Doherty 0-0: SINGLE (Line Drive, 78S)
Brendan Vigors scores
Tony Abete to third
Ramón Lugo to second
Batting: RHB Rubén Calderón 0-0: Ball
1-0: Ball
2-0: Ball
3-0: Called Strike
3-1: Base on Balls
Tony Abete scores
Ramón Lugo to third
Tom Doherty to second
Batting: LHB Richard Hunter 0-0: Ball
1-0: Fly out, F7 (Flyball, 7D)
Runner from 3rd tags up, SCORES, no throw
Tom Doherty to third
Batting: RHB Morgan Gibbon 0-0: DOUBLE (Line Drive, 7LM)
Tom Doherty scores
Rubén Calderón to third
Batting: SHB Miguel González 0-0: Foul Ball, location: 2F
0-1: Swinging Strike
0-2: Ball
1-2: Ball
2-2: Ball
3-2: Fly out, F6 (Popup, 6)
Batting: SHB Zach Franks 0-0: Ball
1-0: Foul Ball, location: 2F
1-1: Swinging Strike
1-2: Foul Ball, location: 2F
1-2: Strikes out looking
Bottom of the 4th over - 10 run(s), 5 hit(s), 1 error(s), 2 left on base; Niagara Falls 0 - Los Angeles 10
TOP OF THE 5TH
Niagara Falls Frenzy batting - Pitching for Los Angeles Bruins : RHP Alejandro Méndez
Batting: SHB Shumei Yokoyama 0-0: Foul Ball, location: 2F
0-1: Foul Ball, location: 2F
0-2: Foul Ball, location: 2F
0-2: Ball
1-2: Foul Ball, location: 2F
1-2: Ball
2-2: Fly out, F7 (Flyball, 7S)
Batting: RHB Eichiro Yamamoto 0-0: Foul Ball, location: 2F
0-1: Ground out 1-3 (Groundball, 13S)
Batting: RHB Cordell Gibson 0-0: Called Strike
0-1: Ball
1-1: Ball
2-1: Foul Ball, location: 2F
2-2: Strikes out swinging
Top of the 5th over - 0 run(s), 0 hit(s), 0 error(s), 0 left on base; Niagara Falls 0 - Los Angeles 10
BOTTOM OF THE 5TH
Los Angeles Bruins batting - Pitching for Niagara Falls Frenzy : RHP Ed Jones
Batting: RHB Brendan Vigors 0-0: Called Strike
0-1: Called Strike
0-2: Ball
1-2: Foul Ball, location: 2F
1-2: Ground out 1-3 (Groundball, 15)
Batting: LHB Tony Abete 0-0: Ball
1-0: Called Strike
1-1: Ball
2-1: Ground out 4-3 (Groundball, 4)
Batting: SHB Ramón Lugo 0-0: Ball
1-0: SINGLE (Flyball, 7S)
Batting: RHB Tom Doherty 0-0: Called Strike
0-1: Foul Ball, location: 2F
0-2: Strikes out looking
Bottom of the 5th over - 0 run(s), 1 hit(s), 0 error(s), 1 left on base; Niagara Falls 0 - Los Angeles 10
TOP OF THE 6TH
Niagara Falls Frenzy batting - Pitching for Los Angeles Bruins : RHP Alejandro Méndez
Batting: RHB Juan Carlos Rodríguez 0-0: Swinging Strike
0-1: Called Strike
0-2: Strikes out swinging
Batting: RHB Ángel Hinojosa 0-0: Foul Ball, location: 2F
0-1: Foul Ball, location: 2F
0-2: Foul Ball, location: 2F
0-2: Ball
1-2: Ball
2-2: Ground out 5-3 (Groundball, 56S)
Batting: SHB Martín De Jesús 0-0: Ball
1-0: Called Strike
1-1: Ball
2-1: SINGLE (Groundball, 6MD)
Batting: LHB Dante Owens 0-0: Ball
1-0: Foul Ball, location: 2F
1-1: Foul Ball, location: 2F
1-2: Foul Ball, location: 2F
1-2: Foul Ball, location: 2F
1-2: Strikes out swinging
Top of the 6th over - 0 run(s), 1 hit(s), 0 error(s), 1 left on base; Niagara Falls 0 - Los Angeles 10
BOTTOM OF THE 6TH
Los Angeles Bruins batting - Pitching for Niagara Falls Frenzy : RHP Ed Jones
Batting: RHB Rubén Calderón 0-0: Foul Ball, location: 2F
0-1: Ground out 1-3 (Groundball, 13S)
Batting: LHB Richard Hunter 0-0: Foul Ball, location: 2F
0-1: Swinging Strike
0-2: Ball
1-2: Fly out, F4 (Popup, 4)
Batting: RHB Morgan Gibbon 0-0: Ball
1-0: Foul Ball, location: 2F
1-1: Foul Ball, location: 2F
1-2: Ball
2-2: Fly out, F8 (Flyball, 8RXD)
Bottom of the 6th over - 0 run(s), 0 hit(s), 0 error(s), 0 left on base; Niagara Falls 0 - Los Angeles 10
TOP OF THE 7TH
Niagara Falls Frenzy batting - Pitching for Los Angeles Bruins : RHP Alejandro Méndez
Batting: SHB Ray Burgess 0-0: Ball
1-0: Called Strike
1-1: Ball
2-1: Called Strike
2-2: Foul Ball, location: 2F
2-2: Strikes out swinging
Batting: RHB Lawrence Schroeder 0-0: Called Strike
0-1: Foul Ball, location: 2F
0-2: Ball
1-2: Foul Ball, location: 2F
1-2: Strikes out swinging
Batting: SHB Shumei Yokoyama 0-0: Ball
1-0: Called Strike
1-1: Called Strike
1-2: Ball
2-2: Strikes out swinging, 2-3 out at first.
Top of the 7th over - 0 run(s), 0 hit(s), 0 error(s), 0 left on base; Niagara Falls 0 - Los Angeles 10
BOTTOM OF THE 7TH
Los Angeles Bruins batting - Pitching for Niagara Falls Frenzy : RHP Ed Jones
Pitching: RHP Horace Thomas
Batting: SHB Miguel González 0-0: Ball
1-0: Ball
2-0: Ball
3-0: Called Strike
3-1: Base on Balls
Batting: SHB Zach Franks 0-0: Grounds into double play, 6-4-3 (Groundball, 6)
Batting: RHB Brendan Vigors 0-0: Called Strike
0-1: Foul Ball, location: 2F
0-2: Ball
1-2: SINGLE (Line Drive, 9S)
Batting: LHB Tony Abete 0-0: Foul Ball, location: 2F
0-1: Called Strike
Brendan Vigors is caught stealing 2nd base
Bottom of the 7th over - 0 run(s), 1 hit(s), 0 error(s), 0 left on base; Niagara Falls 0 - Los Angeles 10
TOP OF THE 8TH
Niagara Falls Frenzy batting - Pitching for Los Angeles Bruins : RHP Alejandro Méndez
Batting: RHB Eichiro Yamamoto 0-0: Bunt for hit - play at first, batter OUT! 1-3
Batting: RHB Cordell Gibson 0-0: Ball
1-0: SINGLE (Groundball, 56D)
Batting: RHB Juan Carlos Rodríguez 0-0: Foul Ball, location: 2F
0-1: Grounds into double play, 6-4-3 (Groundball, 6M)
Top of the 8th over - 0 run(s), 1 hit(s), 0 error(s), 0 left on base; Niagara Falls 0 - Los Angeles 10
BOTTOM OF THE 8TH
Los Angeles Bruins batting - Pitching for Niagara Falls Frenzy : RHP Horace Thomas
Batting: LHB Tony Abete 0-0: Ball
1-0: Ball
2-0: Ball
3-0: Base on Balls
Batting: SHB Ramón Lugo 0-0: Sac Bunt - play at first, batter OUT! 1-3
Tony Abete to second
Batting: RHB Tom Doherty 0-0: Ball
Single, Error in OF, E8, batter to second base
Tony Abete scores
Batting: RHB Rubén Calderón 0-0: Ball
1-0: Called Strike
1-1: Ball
2-1: Foul Ball, location: 2F
2-2: Ball
3-2: Foul Ball, location: 2F
3-2: Base on Balls
Batting: LHB Richard Hunter 0-0: Swinging Strike
0-1: Ball
1-1: SINGLE (Flyball, 78S)
Tom Doherty to third
Rubén Calderón to second
Runner from 3rd tries for Home, SAFE, throw made home
Pinch Hitting: LHB Damon Mitchell 0-0: Ball
1-0: Ball
2-0: Swinging Strike
2-1: Foul Ball, location: 2F
2-2: Foul Ball, location: 2F
2-2: Ball
3-2: Fly out, F8 (Flyball, 89XD)
Runner from 2nd tags up, SAFE at 3rd, no throw
Batting: SHB Miguel González 0-0: Called Strike
0-1: Called Strike
0-2: Foul Ball, location: 2F
0-2: Foul Ball, location: 2F
0-2: Foul Ball, location: 2F
0-2: Foul Ball, location: 2F
0-2: Fly out, F8 (Flyball, 8RXD)
Bottom of the 8th over - 2 run(s), 2 hit(s), 1 error(s), 2 left on base; Niagara Falls 0 - Los Angeles 12
TOP OF THE 9TH
Niagara Falls Frenzy batting - Pitching for Los Angeles Bruins : RHP Alejandro Méndez
Now at SS: Damon Mitchell
Batting: RHB Ángel Hinojosa 0-0: Called Strike
0-1: Ball
1-1: Ball
2-1: Swinging Strike
2-2: Strikes out swinging
Batting: SHB Martín De Jesús 0-0: Foul Ball, location: 2F
0-1: Foul Ball, location: 2F
0-2: Foul Ball, location: 2F
0-2: Foul Ball, location: 2F
0-2: Ball
1-2: Ball
2-2: Ball
3-2: Foul Ball, location: 2F
3-2: Strikes out looking
Batting: LHB Dante Owens 0-0: Fly out, F7 (Flyball, 7S)
Top of the 9th over - 0 run(s), 0 hit(s), 0 error(s), 0 left on base; Niagara Falls 0 - Los Angeles 12
This league is powered by Out of the Park Baseball, the baseball management simulation game for PC, Mac and Linux
Saturday, April 9th, 2016 - OOTP Baseball 16.8 Build 38